 Dungeon Crawl Stone Soup version 0.29.0 (webtiles) character file.

Game seed: 4782594329614866319

8566 Bazzalis the Severer (level 11, -10/95 HPs)
             Began as a Minotaur Berserker on Sept 14, 2022.
             Was a High Priest of Trog.
             Mangled by a six-headed hydra (13 damage)
             ... on level 11 of the Dungeon.
             The game lasted 01:17:44 (11624 turns).

Bazzalis the Severer (Minotaur Berserker)          Turns: 11624, Time: 01:17:46

Health: -10/95     AC: 19    Str: 29    XL:     11   Next: 11%
Magic:  10/10      EV:  9    Int:  8    God:    Trog [*****.]
Gold:   696        SH:  0    Dex:  9    Spells: 10/10 levels left

rFire   . . .      SeeInvis .   a - +0 hand axe (drain)
rCold   . . .      Faith    .   (no shield)
rNeg    . . .      Spirit   .   s - +1 chain mail of the Clam {rCorr Str+2 Int+4}
rPois   .          Reflect  .   (helmet restricted)
rElec   .          Harm     .   (no cloak)
rCorr   +          Rampage  .   v - +0 pair of gloves
Will    .....                   N - +0 pair of boots {Stlth+}
Stlth   ..........              (no amulet)
HPRegen 0.25/turn               l - +4 ring of protection
MPRegen 0.12/turn               (no ring)

@: about to teleport, on berserk cooldown
A: horns 2, retaliatory headbutt
a: Renounce Religion, Berserk, Trog's Hand, Brothers in Arms


You were on level 11 of the Dungeon.
You worshipped Trog.
Trog was extremely pleased with you.
You visited 2 branches of the dungeon, and saw 12 of its levels.

You collected 696 gold pieces.

Inventory:

Hand Weapons
 a - a +0 hand axe of draining (weapon)
 z - a +0 war axe
Missiles
 b - a curare-tipped dart
 c - 81 stones
 o - 3 silver boomerangs
 B - 31 poisoned darts (quivered)
 E - 8 boomerangs
 M - 4 atropa-tipped darts
Armour
 s - the +1 chain mail of the Clam (worn) {rCorr Str+2 Int+4}
   (You found it on level 4 of the Dungeon)

   Str:       It affects your strength (+2).
   Int:       It affects your intelligence (+4).
   rCorr:     It protects you from acid and corrosion.
 v - a +0 pair of gloves (worn)
 N - a +0 pair of boots of stealth (worn)
Jewellery
 l - a +4 ring of protection (left hand)
Wands
 r - a wand of acid (10)
 u - a wand of polymorph (13)
 A - a wand of roots (11)
 D - a wand of charming (15)
 G - a wand of flame (8)
 L - a wand of digging (6)
Scrolls
 e - 13 scrolls of identify
 f - a scroll of poison
 i - 2 scrolls of butterflies
 k - 4 scrolls of immolation
 t - a scroll of summoning {unknown}
 y - 4 scrolls of teleportation
 H - a scroll of brand weapon
 I - 2 scrolls of blinking {unknown}
 K - a scroll of noise {unknown}
Potions
 d - a potion of resistance
 g - a potion of haste {unknown}
 h - 2 potions of heal wounds {unknown}
 j - 2 potions of mutation {unknown}
 n - a potion of brilliance {unknown}
 p - 4 potions of magic
 q - a potion of attraction {unknown}
 w - a potion of lignification {unknown}
 x - 4 potions of curing
 C - a potion of cancellation {unknown}
 F - a potion of might {unknown}
 J - a potion of flight {unknown}


   Skills:
 + Level 8.6 Fighting
 - Level 0.1 Long Blades
 - Level 16.0 Axes
 + Level 3.9 Throwing
 + Level 9.7 Armour
 - Level 2.1 Dodging
 - Level 0.5 Stealth


You had 10 spell levels left.
You didn't know any spells.
Your spell library was empty.

Dungeon Overview and Level Annotations

Branches:
Dungeon (11/15)            Temple (1/1) D:7            Lair (0/5) D:10
    Orc: D:9-12

Altars:
Ashenzari
Cheibriados
Dithmenos
Elyvilon
Fedhas
Gozag
Hepliaklqana
Kikubaaqudgha
Makhleb
Nemelex Xobeh
Okawaru
Qazlal
Ru
Sif Muna
Trog
Uskayaw
Vehumet
Wu Jian
Xom
Yredelemnul
Zin
The Shining One

Shops:
D:1 =*

Annotations:
D:7 1 runed translucent door, Crazy Yiuf


Innate Abilities, Weirdness & Mutations

You have a pair of horns on your head.
You reflexively headbutt those who attack you in melee.


Message History

Unknown command.
The six-headed hydra attacks as you move away!
The six-headed hydra bites you.
The six-headed hydra bites you but does no damage.
The six-headed hydra completely misses you.
The six-headed hydra bites you.
The six-headed hydra bites you but does no damage. x2
The six-headed hydra barely misses you. The six-headed hydra bites you!
The six-headed hydra barely misses you.
The six-headed hydra bites you but does no damage.
The six-headed hydra bites you!
The six-headed hydra closely misses you.
The six-headed hydra bites you!
The six-headed hydra bites you but does no damage. x5
The six-headed hydra bites you!
The six-headed hydra bites you but does no damage.
The six-headed hydra bites you.
The six-headed hydra bites you but does no damage. x2
The six-headed hydra completely misses you.
The six-headed hydra bites you.
The six-headed hydra bites you but does no damage. x4
The six-headed hydra bites you!
As you read the scroll of fear, it crumbles to dust.
You assume a fearsome visage.
The six-headed hydra looks frightened!
The six-headed hydra seems to regain its courage.
You feel yourself speed up. The six-headed hydra bites you!
The six-headed hydra bites you.
* * * LOW HITPOINT WARNING * * *
The six-headed hydra bites you but does no damage. x3
The six-headed hydra bites you!
* * * LOW HITPOINT WARNING * * *
Okay, then.
Okay, then.
As you read the scroll of teleportation, it crumbles to dust.
You feel strangely unstable. The six-headed hydra misses you.
The six-headed hydra bites you but does no damage.
The six-headed hydra bites you!
* * * LOW HITPOINT WARNING * * *
The six-headed hydra bites you!
You die...

##+#########
#..........#
#..........#
#........<.#
+......D...#
#.....@....#
#..........#
######'#####
###..#
#...##
####†#######
######
#..........#
......
#..........+
......
#......?...#


You could see a six-headed hydra.

Vanquished Creatures
  Erolcha (D:9)
  2 two-headed ogres
  Pikel (D:6)
  An ugly thing (D:11)
  Joseph (D:7)
  2 komodo dragons
  An unseen horror (D:10)
  2 trolls
  Prince Ribbit (D:6)
  A hornet (D:10)
  A wraith (D:11)
  A vampire (D:8)
  A wyvern (D:9)
  A yak (D:10)
  An acid dragon (D:9)
  2 sky beasts (D:6)
  An ice beast (D:8)
  A black bear (D:10)
  3 orc warriors
  2 ogres
  3 centaurs
  A phantom (D:4)
  2 kobold brigands
  4 scorpions
  3 bullfrogs
  5 wights (D:9)
  A gnoll sergeant (D:10)
  8 howler monkeys
  2 hounds
  A jelly (D:4)
  2 orc priests (D:8)
  16 orc wizards
  2 iguanas
  Robin (D:3)
  11 adders
  5 gnolls
  2 shadow imps
  A white imp (D:5)
  2 worms
  A dart slug (D:2)
  48 orcs
  4 endoplasms
  5 giant cockroaches
  13 goblins
  10 hobgoblins
  4 jackals (D:4)
  17 kobolds
  4 quokkas
  8 ball pythons
  8 bats
  8 frilled lizards
  8 rats
237 creatures vanquished.

Vanquished Creatures (others)
  13 fungi (D:10)
  14 plants (D:10)
27 creatures vanquished.

Grand Total: 264 creatures vanquished

Notes
Turn   | Place    | Note
-------+----------+-------------------------------------------
     0 | D:1      | Bazzalis the Minotaur Berserker began the quest for the
                  | Orb.
     0 | D:1      | Reached XP level 1. HP: 19/19 MP: 0/0
   109 | D:1      | Reached skill level 4 in Axes
   216 | D:1      | Found Ximipp's Jewellery Shop.
   228 | D:1      | Reached XP level 2. HP: 26/26 MP: 1/1
   303 | D:1      | Found Nifemam's Assorted Antiques.
   578 | D:1      | Reached ** piety under Trog
   981 | D:2      | Reached skill level 5 in Axes
   981 | D:2      | Reached XP level 3. HP: 25/31 MP: 2/2
  1295 | D:3      | You fall into a shaft and drop 1 floor!
  1406 | D:2      | Found a hazy altar of Hepliaklqana.
  1527 | D:2      | Reached XP level 4. HP: 39/39 MP: 3/3
  1794 | D:3      | Reached skill level 6 in Axes
  1858 | D:3      | Noticed Robin
  1985 | D:3      | Killed Robin
  2132 | D:3      | Reached *** piety under Trog
  2134 | D:3      | Found a sparkling altar of Nemelex Xobeh.
  2248 | D:3      | Reached skill level 7 in Axes
  2248 | D:3      | Reached XP level 5. HP: 20/45 MP: 4/4
  2568 | D:3      | Found a faded altar of an unknown god.
  2754 | D:4      | Noticed an ogre
  2936 | D:4      | Reached skill level 8 in Axes
  2936 | D:4      | Reached XP level 6. HP: 41/51 MP: 5/5
  3166 | D:5      | Entered Level 5 of the Dungeon
  3428 | D:4      | Identified the +1 chain mail of the Clam {rCorr Str+2
                  | Int+4}
  3619 | D:4      | Reached skill level 9 in Axes
  3653 | D:5      | Found a burning altar of Makhleb.
  3873 | D:5      | Found a hazy altar of Hepliaklqana.
  3903 | D:5      | Reached XP level 7. HP: 57/57 MP: 6/6
  4100 | D:5      | Reached skill level 10 in Axes
  4481 | D:5      | Found a snail-covered altar of Cheibriados.
  4873 | D:6      | Noticed Prince Ribbit
  4889 | D:6      | Killed Prince Ribbit
  4890 | D:6      | Reached skill level 11 in Axes
  4991 | D:7      | Found a radiant altar of Vehumet.
  5009 | D:7      | Reached XP level 8. HP: 64/64 MP: 7/7
  5023 | D:7      | Noticed a two-headed ogre
  5119 | D:6      | Reached skill level 12 in Axes
  5133 | D:6      | Reached **** piety under Trog
  5408 | D:6      | Found a white marble altar of Elyvilon.
  5617 | D:6      | Noticed Pikel
  5633 | D:6      | Killed Pikel
  5634 | D:6      | Reached skill level 13 in Axes
  5723 | D:6      | Reached skill level 14 in Axes
  6041 | D:7      | Found a runed translucent door.
  6042 | D:7      | Noticed Crazy Yiuf
  6283 | D:6      | Reached XP level 9. HP: 52/71 MP: 8/8
  6686 | D:7      | Found a staircase to the Ecumenical Temple.
  6694 | Temple   | Entered the Ecumenical Temple
  7154 | D:7      | Noticed Joseph
  7171 | D:7      | Killed Joseph
  7536 | D:8      | Reached skill level 15 in Axes
  7793 | D:8      | Reached skill level 5 in Fighting
  7793 | D:8      | Reached skill level 5 in Armour
  7973 | D:8      | Found an iron altar of Okawaru.
  8117 | D:9      | Noticed Erolcha
  8126 | D:9      | Killed Erolcha
  8238 | D:9      | Reached XP level 10. HP: 62/83 MP: 9/9
  8552 | D:9      | Noticed a two-headed ogre
  8991 | D:9      | Found a sacrificial altar of Ru.
  9409 | D:9      | Killed a two-headed ogre
  9410 | D:9      | Reached skill level 1 in Throwing
  9533 | D:9      | Found a glowing golden altar of the Shining One.
  9542 | D:9      | Found a shimmering altar of Xom.
  9912 | D:7      | Found a staircase to the Ecumenical Temple.
  9985 | D:7      | Found a radiant altar of Vehumet.
 10079 | D:7      | Killed a two-headed ogre
 10189 | D:10     | Entered Level 10 of the Dungeon
 10411 | D:10     | Reached skill level 16 in Axes
 10755 | D:10     | Found a staircase to the Lair.
 10881 | D:10     | Paralysed by a hornet for 1 turns
 10913 | D:9      | Reached ***** piety under Trog
 11284 | D:10     | Reached XP level 11. HP: 71/95 MP: 10/10
 11587 | D:11     | Noticed a cyan ugly thing
 11592 | D:11     | Noticed a six-headed hydra
 11596 | D:11     | Killed a cyan ugly thing
 11624 | D:11     | HP: 3/95 [six-headed hydra (13)]
 11624 | D:11     | Mangled by a six-headed hydra

Illustrated notes

Levels and vault maps discovered:
D:1:      dpeg_arrival_arbitrary_a, layout_loops_ring, serial_shops, shop,
          nicolae_shop_crystal
D:2:      layout_loops_cross, basic_altar, serial_glass, glass_columns_a,
          glass_columns_b, glass_columns_c, glass_columns_a, glass_columns_b,
          glass_columns_a, glass_columns_a, glass_columns_b, glass_columns_a,
          glass_columns_b, glass_columns_b, glass_columns_b, glass_columns_a,
          glass_columns_a, kennysheep_generic_room_6
D:3:      layout_rooms, mainiacjoe_overflow_catwalk,
          hellmonk_ecumenical_altar_blasted, kennysheep_generic_room_8,
          uniq_robin
D:4:      layout_cave_pools
D:5:      layout_loops_corners, mainiacjoe_overflow_alcove_4,
          mainiacjoe_overflow_six_doors_small, cheibrodos_worm_habitat,
          kennysheep_flooded_box, chequers_serial_rivers_micro_e
D:6:      layout_basic, elyvilon_altar_1, uniq_prince_ribbit1, uniq_pikel
D:7:      layout_loops_ring, vehumet_crystals, minmay_temple_entry_fiery,
          enter_bailey_4, uniq_crazy_yiuf_cottage, uniq_joseph
D:8:      layout_cave_pools, lemuel_round_altar, nzn_life_drinkers
D:9:      layout_basic, nicolae_ru_great_annihilating_truth,
          mainiacjoe_overflow_swirl, uniq_erolcha
D:10:     layout_roguey, grunt_lair_entry_orc_guard_hut
D:11:     layout_roguey [special_room_orc], serial_shops,
          nicolae_shop_window_shopping, nicolae_uskayaw_suspiria
Temple:   hellmonk_temple_two_chambers

Skill      XL: |  1  2  3  4  5  6  7  8  9 10 |
---------------+-------------------------------+-----
Axes           | 4 5 7 8 9 11 14 15 16 | 16.0
Armour         | 6 9 |  9.7
Fighting       | 6 8 |  8.6
Throwing       | 3 |  3.9
Long Blades    | |  0.1
Dodging        | |  2.1
Stealth        | |  0.5

Action                   |  1- 3 |  4- 6 |  7- 9 | 10-12 || total
-------------------------+-------+-------+-------+-------++-------
Melee: Hand axe          |   109 |   162 |   279 |   232 ||   782
       Headbutt          |     6 |    26 |    35 |    36 ||   103
       Punch             |       |     1 |     3 |     2 ||     6
Throw: Stone             |     1 |     2 |       |       ||     3
       Dart              |       |       |       |    24 ||    24
Invok: Berserk           |       |     3 |     4 |     4 ||    11
       Trog's Hand       |       |       |     1 |       ||     1
  Use: Scroll            |       |     2 |     6 |     3 ||    11
 Stab: Paralysed         |       |       |       |     1 ||     1
Armor: Animal skin       |     2 |       |       |       ||     2
       Chain mail        |    56 |   114 |   125 |   141 ||   436
       Ring mail         |     2 |       |       |       ||     2
Dodge: Dodged            |    54 |    54 |    76 |    60 ||   244
